AoeStats
← MazQ

Baltic

510356844Analyzed
2v2 RM · 1d ago on Sep 30, 2026· 42m 27s· 4 players
Game mode
Random Map
Map size
Medium (4 player)
Population
200
Speed
Normal
Resources
Standard
Victory
Conquest
Starting age
Dark Age
Ending age
Imperial Age
RankedLock teamsTeams togetherTeam positionsShared explorationLock speedFull tech treeHidden civsTurbo modeCheats
Victory
Defeat
🇪🇸 Persians · Spain
1188
+8
🇪🇸 Wu · Spain
916
+18
🇹🇷 Poles · Türkiye
989
-13
🇹🇷 Lithuanians · Türkiye
989
-13
✪CheckMate
6:24 Loom
9:19 Feudal Age
9:46 Double-Bit Axe
16:44 Fletching
21:20 Castle Age
21:22 Crossbowman
22:29 Bow Saw
26:47 Town Watch
30:06 Imperial Age
29:02 Bloodlines
28:53 Husbandry
30:34 Arbalester
31:45 Bodkin Arrow
31:55 Scale Barding Armor
32:26 Thumb Ring
33:44 Town Watch
35:38 Szlachta Privileges
MazQ
5:58 Loom
10:08 Feudal Age
11:22 Double-Bit Axe
17:13 Bloodlines
17:11 Scale Barding Armor
23:57 Castle Age
24:24 Pikeman
27:05 Scale Mail Armor
37:45 Imperial Age
34:59 Horse Collar
35:12 Gold Mining
35:39 Chain Mail Armor
RAPAZ
0:29 Loom
12:10 Feudal Age
14:22 Fishing Lines
17:34 Castle Age
16:13 Double-Bit Axe
16:13 Horse Collar
22:46 Gillnets
24:19 Gold Mining
26:16 Bow Saw
29:26 Wheelbarrow
29:38 Gold Shaft Mining
33:56 Imperial Age
34:01 Ballistics
33:53 Clinker Construction
35:04 Siphons
36:11 Heated Shot
39:21 Carvel Hull
40:02 Chemistry
41:23 Sitting Tiger
41:23 Red Cliffs Tactics
41:45 Conscription
chinorron
7:23 Loom
10:50 Feudal Age
11:15 Double-Bit Axe
14:08 Gold Mining
17:45 Castle Age
15:45 Horse Collar
17:02 Bloodlines
18:50 Forging
20:51 Husbandry
21:42 Wheelbarrow
21:57 Bow Saw
22:30 Fishing Lines
23:57 Hand Cart
24:56 Heavy Plow
30:48 Imperial Age
29:04 Scale Barding Armor
29:34 Iron Casting
29:37 Gold Shaft Mining
28:53 Stone Mining
31:45 Crop Rotation
32:18 Two-Man Saw
31:02 Cavalier
33:10 Savar
35:13 Chain Barding Armor
35:54 Blast Furnace
38:47 Conscription
39:05 Stone Shaft Mining
Connection lost

Rejoining the realm…

Still unreachable

The connection could not be restored.

Session expired

The server has moved on; the page needs a fresh start.